 Dungeon Crawl Stone Soup version 0.19.1 (webtiles) character file.

113 markt42 the Chopper (level 4, 0/40 HPs)
             Began as a Hill Orc Fighter on Dec 10, 2016.
             Killed by nerve-wracking pain
             ... invoked by an orc priest
              (13 damage)
             ... on level 3 of the Dungeon.
             The game lasted 00:02:10 (1934 turns).

markt42 the Chopper (Hill Orc Fighter)              Turns: 1934, Time: 00:02:11

Health: 0/40       AC: 12    Str: 19    XL:     4   Next: 96%
Magic:  4/4        EV:  7    Int:  8    God:
Gold:   85         SH:  9    Dex: 10    Spells: 0 memorised, 3 levels left

rFire  x . .     SeeInvis .     a - +0 war axe
rCold  + + .     Gourm    .     r - +0 ice dragon scales
rNeg   . . .     Faith    .     c - +0 shield
rPois  .         Spirit   .     (no helmet)
rElec  .         Reflect  .     (no cloak)
rCorr  .         Harm     .     e - +1 pair of gloves
MR     .....                    (no boots)
Stlth  ..........               (no amulet)
                                (no ring)
                                (no ring)

@: no status effects
A: no striking features
a: Convert to Beogh


You were on level 3 of the Dungeon.
You were hungry.

You visited 1 branch of the dungeon, and saw 3 of its levels.

You collected 85 gold pieces.

Inventory:

Hand Weapons
 a - a +0 war axe (weapon)
Armour
 c - a +0 shield (worn)
 e - a +1 pair of gloves (worn)
 r - +0 ice dragon scales (worn)
Scrolls
 g - a scroll of random uselessness {unknown}
 j - 3 scrolls of teleportation {unknown}
 k - 2 scrolls of immolation {unknown}
 m - 3 scrolls of identify {unknown}
 n - 2 scrolls of remove curse {unknown}
 o - a scroll of amnesia {unknown}
 p - 2 scrolls of magic mapping {unknown}
Potions
 b - a potion of curing {unknown}
 d - a potion of might
 h - 2 potions of lignification {unknown}
 i - a potion of heal wounds {unknown}
 l - a potion of degeneration {unknown}
Comestibles
 f - 4 bread rations
 q - a beef jerky


   Skills:
 + Level 4.2 Fighting
 * Level 5.0 Axes
 + Level 3.9 Armour
 + Level 0.2 Dodging
 + Level 3.7 Shields


You had 3 spell levels left.
You didn't know any spells.

Dungeon Overview and Level Annotations

Branches:
Dungeon (3/15)

Altars:


Message History

The orc priest hits you but does no damage.
The orc priest invokes the aid of Beogh against you.
Pain shoots through your body!
* * * LOW HITPOINT WARNING * * *
You are too injured to fight recklessly!
You barely miss the orc priest.
The orc priest is almost dead.
You block the orc priest's attack.
You hit the orc priest but do no damage.
The orc priest is almost dead.
The orc priest casts a cantrip, but nothing happens.
You hit the orc priest but do no damage.
The orc priest is almost dead.
The orc priest closely misses you.
The orc priest hits you but does no damage.
You closely miss the orc priest.
The orc priest is almost dead.
The orc priest invokes the aid of Beogh against you.
Pain shoots through your body!
You die...

≈≈≈≈≈♣♣.♣♣≈≈≈≈≈
.......⌠.......
≈≈≈≈≈♣♣.♣♣≈≈≈≈≈ ####
#♣.♣# #### #≈.≈# ###
#≈.≈# #(. #≈.≈# #.#
#≈.≈# #.# #≈.≈# #@#
#≈.≈# #o#
#...#######.#
####''†#.......#.###
..............).......
############..........
##########.


You could see an orc priest.

Vanquished Creatures
  3 gnolls (D:2)
  3 adders (D:2)
  2 worms (D:2)
  A leopard gecko (D:1)
  2 orcs (D:3)
  6 bats
  3 giant cockroaches
  7 goblins
  5 hobgoblins
  6 kobolds
  A ball python (D:3)
  4 frilled lizards
  4 rats
47 creatures vanquished.

Notes
Turn   | Place    | Note
-------+----------+-------------------------------------------
     0 | D:1      | markt42 the Hill Orc Fighter began the quest for the Orb.
     0 | D:1      | Reached XP level 1. HP: 19/19 MP: 1/1
   356 | D:1      | Reached XP level 2. HP: 21/27 MP: 2/2
   420 | D:1      | Reached skill level 3 in Axes
   893 | D:1      | Reached XP level 3. HP: 30/33 MP: 3/3
  1128 | D:2      | Found a faded altar of an unknown god.
  1136 | D:2      | Reached skill level 4 in Axes
  1147 | D:2      | Reached XP level 4. HP: 24/40 MP: 4/4
  1921 | D:3      | Reached skill level 5 in Axes
  1934 | D:3      | Killed from afar by an orc priest

Skill      XL: |  1  2  3  4 |
---------------+-------------+-----
Axes           | 3 4 5 |  5.0
Fighting       | 4 |  4.2
Armour         | |  3.9
Dodging        | |  0.2
Shields        | |  3.7

Action                   |  1- 3 |  4- 6 || total
-------------------------+-------+-------++-------
Melee: War axe           |   111 |    57 ||   168
  Eat: Chunk             |       |     3 ||     3
Armor: Scale mail        |    49 |       ||    49
       Ice dragon scales |    21 |    26 ||    47
Dodge: Dodged            |    43 |    23 ||    66
Block: Shield            |    69 |    27 ||    96
